 Seeded DCSS version 0.32-a0-995-gb4a59205af (webtiles) character file.

Game seed: 202404221 (custom seed)

959 Orlauf the Slasher (level 7, 0/56 HPs)
             Began as a Demonspawn Gladiator on Apr 22, 2024.
             Was a Follower of Uskayaw.
             Slain by Duvessa
             ... wielding a +0 short sword
              (5 damage)
             ... on level 5 of the Dungeon.
             The game lasted 00:05:16 (3248 turns).

Orlauf the Slasher (Demonspawn Gladiator)           Turns: 3248, Time: 00:05:16

Health: 0/56       AC: 13    Str: 17    XL:     7   Next: 91%
Magic:  10/10      EV:  4    Int: 12    God:    Uskayaw [*.....]
Gold:   368        SH:  0    Dex: 14    Spells: 6/6 levels left

rFire   . . .        b - +3 triple sword (freeze)
rCold   + . .        (shield currently unavailable)
rNeg    . . .        w - +0 plate armour
rPois   .            c - +0 helmet
rElec   .            (no cloak)
rCorr   .            r - +0 pair of gloves
SInv    .            h - +0 pair of boots
Will    .....        (no amulet) Stlth
                     t - ring of protection from cold
HPRegen 0.29/turn    (no ring)
MPRegen 0.12/turn

%: no passive effects
@: no status effects
A: ignite blood 1, big brain 2
a: Renounce Religion, Stomp


You were on level 5 of the Dungeon.
You worshipped Uskayaw.
Uskayaw was noncommittal.
You visited 1 branch of the dungeon, and saw 5 of its levels.

You collected 368 gold pieces.

Inventory:

Hand Weapons
 a - a +1 long sword
 b - a +3 triple sword of freezing (weapon)
 m - a +0 short sword
 s - the +10 spear of Defiance {drain, +Blink rPois Will+ Stlth+}
   (You found it on level 4 of the Dungeon)

   rPois:     It protects you from poison.
   Will+:     It increases your willpower.
   +Blink:    It lets you blink.
   Stlth+:    It makes you more stealthy.
Missiles
 d - 3 throwing nets (quivered)
 e - a javelin
 n - 12 poisoned darts
Armour
 c - a +0 helmet (worn)
 h - a +0 pair of boots (worn)
 q - a +0 scale mail
 r - a +0 pair of gloves (worn)
 w - a +0 plate armour (worn)
Jewellery
 t - a ring of protection from cold (left hand)
Scrolls
 g - 5 scrolls of fog
 p - 2 scrolls of teleportation
Potions
 f - 3 potions of curing
 i - a potion of haste
 j - 2 potions of might
 o - 2 potions of heal wounds
 v - a potion of berserk rage


   Skills:
 + Level 5.2 Fighting
 * Level 6.8 Long Blades
 - Level 1.7 Throwing
 - Level 2.6 Dodging
 + Level 4.3 Invocations


You had 6 spell levels left.
You didn't know any spells.
Your spell library contained the following spells:

 Spells                   Type           Power      Damage    Failure   Level
 Ensorcelled Hibernation  Hex/Ice        0%         N/A       100%        2
 Dazzling Flash           Conj/Hex       0%         N/A       100%        3
 Mephitic Cloud           Conj/Alch/Air  0%         N/A       100%        3
 Passwall                 Erth           0%         N/A       100%        3
 Swiftness                Air            0%         N/A       100%        3
 Volatile Blastmotes      Fire/Tloc      0%         2d10      100%        3
 Vhi's Electric Charge    Tloc/Air       0%         N/A       100%        4
 Silence                  Hex/Air        0%         N/A       100%        5
 Gell's Gavotte           Tloc           0%         2d(11-16) 100%        6


Dungeon Overview and Level Annotations

Branches:
Dungeon (5/15)             Temple (0/1) D:5

Altars:
Uskayaw
Xom

Shops:
D:4 (!([?

Annotations:
D:5 Duvessa


Innate Abilities, Weirdness & Mutations

Your demonic aura sometimes causes spilled blood to erupt in flames.
You have an extremely huge brain. (Int +4)


Message History

You barely miss Duvessa.
The sleepcap releases spores at you but does no damage.
Dowan hits you but does no damage. The iguana barely misses you.
Duvessa hits you but does no damage.
You barely miss Duvessa. The sleepcap barely misses you. The iguana bites you.
Dowan hits you but does no damage. Duvessa hits you but does no damage.
Dowan hits you but does no damage.
The sleepcap releases spores at you but does no damage.
Duvessa hits you with a +0 short sword.
The iguana bites you but does no damage.
You hit Duvessa but do no damage. The sleepcap releases spores at you.
You are engulfed in a cloud of soporific spores!
You fall asleep.
The iguana bites you.
You wake up.
Dowan says, "My weaknesses are her strengths!"
Dowan hits you with a +0 dagger. Duvessa hits you but does no damage.
You are too injured to fight recklessly!
You slash Dowan! You freeze Dowan!
You kill Dowan!
Duvessa screams, "No!
How DARE you!"
Duvessa goes berserk!
Duvessa barely misses you.
The iguana bites you but does no damage.
The sleepcap barely misses you. Duvessa hits you with a +0 short sword.
Found a scroll labelled RUGENA NOECS.
Duvessa hits you with a +0 short sword.
The iguana bites you but does no damage.
The sleepcap barely misses you. Duvessa hits you with a +0 short sword.
* * * LOW HITPOINT WARNING * * *
Things that are here:
a +0 dagger; a +0 robe; the elf corpse of Dowan You slash Duvessa!
You freeze Duvessa.
Duvessa is lightly wounded.
The sleepcap releases spores at you but does no damage.
The iguana bites you but does no damage.
Duvessa is engulfed in blazing flames.
Duvessa hits you but does no damage.
The sleepcap releases spores at you but does no damage.
The iguana bites you!
* * * LOW HITPOINT WARNING * * *
Duvessa is engulfed in blazing flames.
Duvessa hits you with a +0 short sword.
You die...
Your body falls in perfect tune with the rhythm.

.....###...............
.#..#.#.#...........###
#
#....#........##......
..##..#.......###.....#
.. #...........#......
#..................
##.........##.......
...##.e☼......##
....... ......f@l.....#
......#
##......°....... .....#
#..##..###.#..# ##.#.
#.# ...# .#... ### ...
....( .. .# .. ...... #
....... .?.#...## ..
......#..


You could see Duvessa (berserk), a sleepcap and an iguana.

Vanquished Creatures
  Grinder (D:5)
  A black bear (D:4)
  A centaur (D:5)
  A phantom (D:5)
  A scorpion (D:5)
  Dowan (D:5)
  A howler monkey (D:5)
  A bombardier beetle (D:5)
  A hound (D:3)
  A sleepcap (D:5)
  2 iguanas (D:5)
  3 orc wizards
  3 gnolls (D:4)
  8 adders
  2 dart slugs
  11 orcs
  12 ball pythons
  2 endoplasms
  4 giant cockroaches
  2 goblins (D:2)
  7 hobgoblins
  3 kobolds
  5 quokkas
  3 bats
  3 frilled lizards
  4 rats
84 creatures vanquished.

Notes
Turn   | Place    | Note
-------+----------+-------------------------------------------
     0 | D:1      | Orlauf the Demonspawn Gladiator began the quest for the
                  | Orb.
     0 | D:1      | Reached XP level 1. HP: 16/16 MP: 1/1
   207 | D:1      | Reached skill level 3 in Long Blades
   224 | D:1      | Gained mutation: Your demonic aura sometimes causes spilled
                  | blood to erupt in flames. [demonic ancestry]
   224 | D:1      | Reached XP level 2. HP: 22/22 MP: 2/2
   621 | D:2      | Found a shimmering altar of Xom.
   634 | D:2      | Reached XP level 3. HP: 24/28 MP: 3/3
  1339 | D:2      | Identified a scroll of acquirement
  1339 | D:2      | Acquired a +3 triple sword of freezing
  1504 | D:3      | Reached XP level 4. HP: 29/35 MP: 4/4
  1614 | D:3      | Reached skill level 4 in Long Blades
  1764 | D:3      | Reached XP level 5. HP: 41/41 MP: 5/5
  2124 | D:4      | Found Sotuhae's Weapon Boutique.
  2306 | D:4      | Identified the +10 spear of Defiance {drain, +Blink rPois
                  | Will+ Stlth+}
  2320 | D:4      | Reached skill level 5 in Long Blades
  2336 | D:4      | Found Qiustrei's Antique Armour Boutique.
  2447 | D:4      | Found Volucwiu's Distillery.
  2518 | D:4      | Found Akugal's Magic Scroll Boutique.
  2635 | D:4      | Found a hide-covered altar of Uskayaw.
  2638 | D:4      | Found Linagas's Weapon Shoppe.
  2640 | D:4      | Became a worshipper of Uskayaw the Reveller
  2684 | D:4      | Reached * piety under Uskayaw
  2906 | D:5      | Entered Level 5 of the Dungeon
  2906 | D:5      | Noticed Duvessa
  2906 | D:5      | Noticed Dowan
  2952 | D:4      | Noticed a black bear
  2954 | D:4      | Reached ** piety under Uskayaw
  2955 | D:4      | Killed a black bear
  2956 | D:4      | Reached skill level 1 in Invocations
  2956 | D:4      | Gained mutation: You have an unusually large brain. (Int
                  | +2) [demonic ancestry]
  2956 | D:4      | Reached XP level 6. HP: 42/48 MP: 5/7
  3114 | D:5      | Gained mutation: You have an extremely huge brain. (Int +4)
                  | [demonic ancestry]
  3114 | D:5      | Reached XP level 7. HP: 52/55 MP: 8/8
  3153 | D:5      | Found a staircase to the Ecumenical Temple.
  3154 | D:5      | Noticed Grinder
  3155 | D:5      | Reached skill level 6 in Long Blades
  3157 | D:5      | Reached *** piety under Uskayaw
  3166 | D:5      | Reached **** piety under Uskayaw
  3171 | D:5      | Killed Grinder
  3171 | D:5      | Reached ***** piety under Uskayaw
  3172 | D:5      | Reached skill level 5 in Fighting
  3246 | D:5      | Killed Dowan
  3248 | D:5      | Slain by Duvessa

Illustrated notes

Levels and vault maps discovered:
D:1:      dpeg_arrival_ternary, layout_rooms
D:2:      layout_loops_ring, basic_altar, minivault_27,
          chequers_serial_rivers_room_b
D:3:      layout_loops_cross
D:4:      layout_loops_ring, nicolae_uskayaw_dance_hall, serial_shops,
          nicolae_shop_tiny_waterfront, nicolae_shop_tiny_glass,
          nicolae_shop_back_alley_shop, shop, shop, minivault_25
D:5:      cheibrodos_two_vegetables, layout_cave_pools, vehumet_statue,
          minmay_temple_entry_arrows, uniq_duvessa, uniq_grinder

Skill      XL: |  1  2  3  4  5  6  7 |
---------------+----------------------+-----
Long Blades    | 3 4 5 6 |  6.8
Fighting       | 3 4 5 |  5.2
Invocations    | 1 2 4 |  4.3
Throwing       | |  1.7
Dodging        | |  2.6

Action                     |  1- 3 |  4- 6 |  7- 9 || total
---------------------------+-------+-------+-------++-------
  Melee: Long sword        |    90 |       |       ||    90
         Triple sword      |    13 |    73 |    38 ||   124
    Use: Scroll            |     9 |     6 |     1 ||    16
         Potion            |       |       |     1 ||     1
   Stab: Paralysed         |       |       |     1 ||     1
 Armour: Leather armour    |    55 |       |       ||    55
         Scale mail        |    44 |    16 |       ||    60
         Plate armour      |       |    84 |    72 ||   156
  Dodge: Dodged            |    63 |    20 |    10 ||    93

Table legend: (Time is in decaauts)
 A = Elapsed time spent in this place.
 B = Non-inter-level travel time spent in this place.
 C = Inter-level travel time spent in this place.
 D = Time resting spent in this place.
 E = Time spent auto-exploring this place.
 F = Levels seen in this place.
 G = Mean time per level.
                   A        B        C        D        E       F      G
               +--------+--------+--------+--------+--------+-----+--------+
         Total |   3338 |   3174 |    164 |    216 |   2291 |   5 |  667.6 |
       Dungeon |   3338 |   3174 |    164 |    216 |   2291 |   5 |  667.6 |
               +--------+--------+--------+--------+--------+-----+--------+

Top non-repeatable levels by time:
     D:4: 872 daAuts
     D:2: 783 daAuts
     D:3: 772 daAuts
     D:1: 611 daAuts
     D:5: 298 daAuts
